Map: Babylon LE

Players

Jason

  • Race: Terran Terran
  • League: Grandmaster
  • Spawn Location: 11:00

ReesesPieces - Winner!

  • Race: Protoss Protoss
  • League: Grandmaster
  • Spawn Location: 5:00

VOD

Have the link to the VOD?

Description

Time

  • Played on: June 3, 2023, 3:15 p.m.
  • Length: 16:05
Show
View Real Time Build Order
Export as new Build Order

Jason Terran 

Build Orders: Reaper Expand 

Get SALT Encoding   

  12  0:00  SCV  
  13  0:12  SCV  
  14  0:17  Supply Depot  
  14  0:24  SCV  
  15  0:38  SCV  
  15  0:39  Barracks  
  16  0:44  Refinery  
  16  0:50  SCV  
  17  1:03  SCV  
  18  1:15  SCV  
  19  1:26  Reaper  
  19  1:29  Orbital Command  
  20  1:47  Command Center  
  20  1:55  SCV  
  20  1:58  Marine  
  22  2:02  Supply Depot  
  22  2:08  Factory  
  22  2:11  SCV  
  23  2:22  Refinery  
  23  2:23  Marine  
  23  2:25  Bunker  
  23  2:27  SCV  
  25  2:39  SCV  
  25  2:42  Barracks Reactor  
  26  2:54  Starport  
  26  2:59  Widow Mine, SCV  
  26  3:01  Orbital Command  
  29  3:11  SCV  
  30  3:19  Marine x2  
  30  3:21  Factory Tech Lab  
  30  3:23  SCV  
  33  3:27  SCV  
  33  3:30  Viking  
  33  3:33  Supply Depot  
  36  3:35  SCV  
  36  3:39  SCV  
  38  3:42  Cyclone  
  38  3:47  Marine x2  
  42  3:50  SCV  
  42  3:51  SCV  
  44  4:01  Supply Depot  
  44  4:02  Starport Tech Lab, SCV  
  45  4:04  SCV  
  45  4:05  Barracks  
  45  4:06  Marine  
  45  4:07  Marine  
  48  4:14  SCV  
  48  4:16  Supply Depot  
  49  4:18  SCV  
  49  4:21  Raven  
  49  4:23  Barracks  
  52  4:26  Marine x2  
  52  4:27  SCV  
  52  4:30  SCV  
  56  4:34  Engineering Bay  
  56  4:39  SCV  
  56  4:41  Refinery  
  56  4:42  Factory Reactor  
  56  4:43  SCV  
  56  4:45  Marine  
  58  4:46  Marine  
  58  4:51  SCV  
  61  4:55  Refinery, SCV  
  61  4:57  Supply Depot  
  62  5:03  Marine  
  62  5:04  Terran Infantry Weapons Level 1, Marine, SCV  
  62  5:05  Starport Reactor  
  65  5:07  SCV  
  65  5:08  Marine  
  65  5:11  Marine, Combat Shield  
  68  5:16  Stimpack  
  68  5:17  SCV  
  68  5:19  SCV  
  68  5:21  Marine x2  
  71  5:23  Widow Mine  
  71  5:25  Widow Mine  
  71  5:26  Marine  
  77  5:31  Supply Depot  
  77  5:38  Marine  
  77  5:40  Marine  
  78  5:50  Medivac x2, Marine x2  
  78  5:56  Marine  
  85  5:57  Starport  
  85  6:03  Marine  
  86  6:05  SCV x2  
  86  6:08  Marine  
  89  6:11  Command Center  
  89  6:12  Supply Depot  
  89  6:18  Marine  
  89  6:19  Marine  
  89  6:20  Medivac, Factory Reactor  
  93  6:28  Supply Depot x2  
  93  6:29  Medivac  
  95  6:35  Marine x2  
  95  6:37  SCV  
  98  6:40  Marine x2  
  100  6:48  SCV  
  100  6:50  Viking x2  
  100  6:53  Marine x2  
  107  6:54  Viking  
  107  6:59  Supply Depot  
  105  7:09  SCV  
  105  7:10  SCV  
  105  7:14  Marine x3  
  105  7:15  Marine  
  110  7:21  SCV  
  112  7:23  SCV  
  113  7:30  Viking x2  
  113  7:32  Marine x2  
  113  7:34  Viking  
  116  7:50  Marine x2  
  116  7:52  Marine x2  
  116  7:53  Widow Mine x2  
  116  7:54  Viking  
  122  8:01  Orbital Command  
  122  8:02  SCV  
  122  8:05  Terran Infantry Armor Level 1  
  122  8:16  Barracks  
  122  8:17  Barracks  
  120  8:20  Marine  
  120  8:22  SCV x2  
  123  8:29  SCV  
  123  8:30  Marine x3  
  123  8:32  Liberator  
  123  8:33  Liberator  
  133  8:34  SCV  
  133  8:39  Liberator  
  133  8:41  Liberator  
  137  8:42  Marine  
  137  8:48  Marine  
  140  8:52  Marauder x2, Concussive Shells  
  140  8:54  SCV x3  
  147  9:00  Supply Depot x2  
  147  9:06  Barracks Tech Lab, SCV x2  
  147  9:07  Armory, Sensor Tower  
  149  9:11  Barracks Tech Lab  
  149  9:14  Refinery  
  149  9:15  Refinery  
  149  9:21  Viking x2, SCV  
  149  9:22  SCV  
  149  9:23  Viking  
  157  9:26  Marauder  
  157  9:28  Marauder  
  157  9:29  Marine x2  
  163  9:34  Missile Turret  
  163  9:39  Supply Depot  
  163  9:40  SCV x2  
  165  9:54  Supply Depot  
  165  9:56  Supply Depot  
  165  9:59  Terran Infantry Weapons Level 2  
  165  10:00  Viking, Marine x2  
  165  10:01  SCV  
  165  10:04  Terran Ship Weapons Level 1, Engineering Bay  
  169  10:10  Viking x2  
  169  10:13  Supply Depot  
  173  10:23  Marine x2, Marauder x2  
  179  10:30  Supply Depot  
  179  10:31  Supply Depot  
  179  10:36  Viking  
  179  10:40  Marine  
  179  10:41  Marine  
  180  10:45  Marauder  
  180  10:48  Marine  
  144  10:55  Viking x2  
  130  10:58  Marine x2  
  130  11:02  Viking  
  126  11:07  Marine x2  
  128  11:13  Terran Infantry Armor Level 2  
  128  11:14  Starport  
  128  11:16  Viking  
  128  11:18  Marine x3  
  128  11:19  Command Center, Marine  
  128  11:25  Marine x2  
  132  11:29  SCV x3  
  135  11:36  Marine  
  135  11:38  Viking  
  135  11:39  Viking x2  
  142  11:45  Fusion Core  
  142  11:52  Marine  
  142  11:53  Marine  
  142  11:54  Marine  
  147  11:58  Viking  
  147  12:00  Viking x2, Factory Reactor  
  151  12:10  Viking  
  151  12:14  Missile Turret  
  151  12:15  Viking  
  155  12:18  Sensor Tower  
  155  12:24  Ghost Academy  
  155  12:31  Planetary Fortress, Viking x2  
  155  12:37  Refinery  
  159  12:38  Refinery  
  159  12:43  Viking x2  
  163  12:46  Terran Ship Weapons Level 2  
  165  13:13  Marine  
  165  13:14  Marine  
  167  13:23  Command Center  
  167  13:29  Unknown x2  
  167  13:30  Unknown x2  
  167  13:31  Liberator x3  
  167  13:33  Viking  
  167  13:34  Marine x3  
  183  13:39  Viking  
  187  13:48  Liberator  
  190  13:53  Marine x3  
  190  13:54  Marine  
  194  13:57  Unknown  
  194  13:58  Unknown  
  194  14:02  Liberator, Marine x2  
  199  14:11  Marine  
  178  14:26  Marine x2  
  178  14:27  Marauder  
  181  14:35  Viking  
  134  14:46  Marine  
  134  14:47  Marine  
  134  14:52  Unknown  
  135  14:55  Unknown, Liberator, Marauder  
  117  15:04  Marine x2  
  117  15:13  Unknown, Marine  
  117  15:16  Marine x2  
  117  15:17  Unknown  
  117  15:20  Unknown, Marine  
  119  15:22  Marine x2  
  117  15:31  Marine  
  117  15:34  Marine x2  
  81  15:38  Marauder  
Show
View Real Time Build Order
Export as new Build Order

ReesesPieces Protoss - Winner!

Build Orders: 1 Gate Expand, Oracle Opening, Carriers 

Get SALT Encoding   

  12  0:00  Probe  
  13  0:12  Probe  
  14  0:17  Pylon  
  14  0:24  Probe (Chrono Boost)  
  16  0:37  Gateway, Probe (Chrono Boost)  
  16  0:42  Probe (Chrono Boost)  
  16  0:46  Assimilator  
  17  0:52  Probe  
  18  1:04  Probe  
  19  1:16  Probe  
  20  1:24  Cybernetics Core  
  20  1:36  Nexus  
  20  1:42  Pylon  
  20  1:46  Probe  
  21  1:53  Assimilator  
  21  2:00  Adept (Chrono Boost), Probe  
  24  2:12  Probe  
  24  2:17  Stargate  
  24  2:20  Adept (Chrono Boost)  
  24  2:26  Probe  
  22  2:30  Warp Gate  
  27  2:39  Probe (Chrono Boost)  
  27  2:43  Adept  
  30  2:48  Probe (Chrono Boost)  
  32  2:57  Probe (Chrono Boost)  
  33  2:58  Probe (Chrono Boost)  
  33  3:02  Oracle (Chrono Boost)  
  33  3:03  Probe x2 (Chrono Boost)  
  38  3:13  Pylon  
  38  3:15  Probe  
  38  3:16  Probe  
  40  3:21  Adept  
  42  3:27  Probe  
  42  3:28  Probe  
  44  3:39  Probe  
  44  3:40  Void Ray, Probe  
  50  3:44  Pylon  
  50  3:51  Probe  
  50  3:53  Assimilator  
  51  3:55  Assimilator  
  51  3:57  Probe  
  52  4:03  Probe  
  52  4:07  Gateway  
  52  4:09  Probe  
  54  4:15  Probe  
  55  4:21  Probe  
  55  4:24  Void Ray (Chrono Boost)  
  60  4:27  Probe  
  60  4:28  Pylon  
  61  4:33  Probe  
  61  4:36  Fleet Beacon  
  62  4:45  Stargate  
  62  4:46  Probe  
  62  4:49  Forge  
  62  4:50  Shield Battery  
  63  4:54  Probe  
  63  4:59  Pylon, Probe  
  65  5:03  Shield Battery  
  65  5:14  Carrier (Chrono Boost)  
  65  5:16  Zealot  
  73  5:22  Pylon  
  79  5:46  Carrier (Chrono Boost)  
  79  5:47  Probe  
  79  5:48  Probe  
  81  5:53  Pylon  
  81  5:54  Robotics Facility  
  81  5:57  Protoss Air Weapons Level 1  
  81  5:59  Probe  
  81  6:01  Photon Cannon  
  81  6:02  Photon Cannon, Pylon  
  82  6:12  Carrier (Chrono Boost)  
  88  6:21  Sentry  
  88  6:22  Probe  
  91  6:39  Shield Battery  
  88  6:40  Pylon  
  88  6:46  Nexus, Robotics Bay  
  88  6:50  Shield Battery x2  
  88  6:56  Observer, Zealot x2  
  89  7:09  Carrier (Chrono Boost)  
  89  7:13  Gateway  
  89  7:15  Observer  
  93  7:18  Photon Cannon  
  93  7:22  Pylon  
  93  7:24  Zealot  
  93  7:25  Zealot  
  88  7:48  Colossus (Chrono Boost)  
  86  7:58  Zealot x2  
  95  8:12  Protoss Air Weapons Level 2 (Chrono Boost)  
  95  8:18  Carrier (Chrono Boost)  
  95  8:26  Gateway  
  99  8:30  Gateway  
  99  8:31  Gateway, Protoss Ground Weapons Level 1 (Chrono Boost)  
  99  8:33  Gateway  
  98  8:42  Observer  
  98  8:46  Observer  
  98  8:47  Pylon x2  
  98  8:54  Nexus  
  98  8:55  Pylon  
  98  8:58  Pylon  
  98  9:00  Observer  
  98  9:01  Extended Thermal Lance  
  98  9:02  Pylon  
  98  9:03  Colossus (Chrono Boost)  
  104  9:10  Probe  
  104  9:11  Probe  
  104  9:15  Observer  
  106  9:21  Observer  
  106  9:23  Probe x2  
  108  9:24  Tempest (Chrono Boost)  
  118  9:34  Tempest (Chrono Boost)  
  118  9:35  Probe x2  
  120  9:47  Twilight Council, Probe x2  
  122  9:58  Forge  
  121  10:03  Observer  
  121  10:10  Nexus, Probe x3  
  124  10:15  Shield Battery x2  
  124  10:22  Assimilator x2, Probe x2  
  124  10:25  Charge  
  126  10:31  Templar Archives  
  125  10:36  Zealot x2  
  125  10:37  Zealot  
  129  10:48  Psionic Storm  
  111  10:56  Colossus (Chrono Boost)  
  117  10:57  Observer  
  117  11:00  Nexus  
  117  11:01  Carrier (Chrono Boost)  
  123  11:04  Observer  
  121  11:22  Probe  
  121  11:23  Probe x2  
  124  11:27  Pylon  
  124  11:34  Probe  
  124  11:35  Probe x2  
  124  11:37  Photon Cannon  
  133  11:43  Pylon  
  133  11:46  Carrier (Chrono Boost), Probe  
  134  11:50  High Templar  
  134  11:51  Pylon  
  134  11:53  Shield Battery  
  136  11:55  High Templar  
  136  11:59  Probe  
  139  12:02  Probe x2  
  139  12:05  Assimilator  
  139  12:06  Observer  
  139  12:07  Assimilator  
  142  12:09  High Templar  
  142  12:11  Probe  
  142  12:13  Probe  
  142  12:14  Probe x2  
  148  12:16  Zealot  
  150  12:23  Probe  
  150  12:25  Probe  
  150  12:27  Probe x2  
  154  12:31  High Templar  
  154  12:33  Photon Cannon  
  154  12:35  Photon Cannon  
  154  12:36  Probe  
  157  12:41  Shield Battery  
  157  12:44  Colossus (Chrono Boost)  
  163  12:54  High Templar x2  
  161  12:59  Archon  
  161  13:03  Probe x3  
  161  13:04  Probe  
  165  13:12  Observer  
  165  13:15  Pylon  
  165  13:18  High Templar x2, Zealot  
  165  13:19  Tempest (Chrono Boost), Zealot  
  173  13:25  Archon, Observer  
  178  13:27  Nexus  
  178  13:29  Warp Prism (Chrono Boost)  
  180  13:51  Photon Cannon  
  180  13:52  High Templar x2  
  180  13:53  Photon Cannon, Zealot x4  
  180  13:54  Shield Battery  
  192  13:55  Shield Battery  
  192  13:58  Pylon  
  192  14:26  Archon  
  192  14:27  Zealot x3  
  178  14:45  Zealot x2  
  157  15:02  Zealot x3  
  163  15:09  Gateway x2  
  163  15:11  Gateway  
  156  15:20  Nexus  
  156  15:22  Pylon  
  156  15:24  Zealot x2  
  156  15:25  Zealot  
  130  15:39  Probe x3 (Chrono Boost)  
  113  15:44  Pylon x2  
  106  15:50  Probe (Chrono Boost)  
  106  15:56  Gateway  
  105  15:57  Gateway, Probe x3 (Chrono Boost)  
  105  15:58  Gateway  
  105  15:59  Gateway  
  105  16:01  Gateway  
  105  16:02  Gateway x2  
Tags
 
Add a new tag
Caveats
  • Supply blocks, unpowered buildings, or Contaminate may cause inaccurate times.
  • Supply counts are checked every 10 seconds.